 Dungeon Crawl Stone Soup version 0.30-a0-166-g5d06c95188 (webtiles) character file.

Game seed: 5120465484267712002

85 qw the Chopper (level 4, -4/28 HPs)
             Began as a Gargoyle Fighter on Sept 29, 2022.
             Killed from afar by an orc wizard (13 damage)
             ... with a puff of flame
             ... on level 2 of the Dungeon.
             The game lasted 00:01:08 (2815 turns).

qw the Chopper (Gargoyle Fighter)                   Turns: 2815, Time: 00:01:09

Health: -4/28      AC: 10    Str: 20 (21) XL:     4   Next: 48%
Magic:  4/4        EV: 13    Int:  7 (9)  God:
Gold:   133        SH:  4    Dex:  6 (9)  Spells: 3/3 levels left

rFire   . . .      SeeInvis .    Y - +0 war axe
rCold   . . .      Faith    .    c - +0 buckler
rNeg    + . .      Spirit   .    b - +0 scale mail
rPois   inf        Reflect  .    (no helmet)
rElec   +          Harm     .    (no cloak)
rCorr   .          Rampage  .    (no gloves)
Will    .....                    (no boots)
Stlth   ..........               (no amulet)
HPRegen 0.09/turn                a - +4 ring of evasion
MPRegen 0.09/turn                (no ring)

@: no status effects
A: sickness immunity, AC +3, negative energy resistance 1, electricity
resistance, torment resistance 1, petrification resistance
a: no special abilities


You were on level 2 of the Dungeon.
You visited 1 branch of the dungeon, and saw 3 of its levels.

You collected 133 gold pieces.


Innate Abilities, Weirdness & Mutations

You are immune to sickness and miasma.
Your stone body is resilient. (AC +3)
You are immune to poison.
You resist negative energy. (rN+)
You are resistant to electric shocks. (rElec)
You are resistant to unholy torment.
You are immune to petrification.


   Skills:
 - Level 3.2 Fighting
 + Level 4.1 Axes
 - Level 3.2 Armour
 - Level 3.2 Shields


You had 3 spell levels left.
You didn't know any spells.
Your spell library was empty.

Inventory:

Hand Weapons
 g - a +0 mace
 i - a +0 flail
 Y - a +0 war axe (weapon)
Armour
 b - a +0 scale mail (worn)
 c - a +0 buckler (worn)
Jewellery
 a - a +4 ring of evasion (left hand)
Scrolls
 f - a scroll of teleportation {unknown}
 h - a scroll of identify
Potions
 d - a potion of might
 e - a potion of curing {unknown}

Dungeon Overview and Level Annotations

Branches:
Dungeon (3/15)

Altars:


Message History

Something hits you but does no damage.
You climb upwards.
Reactivating autopickup.
There is a stone staircase leading down here.
There is a strange disturbance nearby!
Something hits you but does no damage.
Deactivating autopickup; reactivate with Ctrl-A.
You miss something. Something hits you but does no damage.
You slash something! You block something's attack. Something hits you.
You closely miss something. Something hits you.
You closely miss something. Something hits you.
You barely miss something.
Something hits you but does no damage. x2
You closely miss something. Something hits you but does no damage.
You barely miss something.
You hear some strange, mumbled words.
A magic dart appears from out of thin air!
The magic dart hits you.
You barely miss something.
You hear some strange, mumbled words.
A magic dart appears from out of thin air!
The magic dart hits you but does no damage.
You hit something. Something hits you.
You hear some strange, mumbled words.
Something tries to affect you, but you resist.
You barely miss something.
You hear some strange, mumbled words.
A puff of flame appears from out of thin air!
The puff of flame hits you but does no damage.
You closely miss something.
You hear some strange, mumbled words.
A puff of flame appears from out of thin air!
The puff of flame hits you!
You die...

#### ...#
##.######
........#
#..####.#
########### ###
.....##.#
#.........# #..
#..#.##.#
#.#######.######.#
#..#.##.#
#.#..........)....
#..#.##.####
#@#.#.###.####....
...........#
#{#.#.###.# ##...
##.#######.#
#.........# ##.#
...# #.#
###.#.###.# #.#
#### #.# #.#.# #.#
#.# #.# #.#.# #.#
##+# # #.#
#.#.###.# ##... ##
####.# #.......#
##.... .## ##.##.#
###..######.....


There were no monsters in sight!

Vanquished Creatures
  An adder (D:2)
  A worm (D:2)
  2 orcs (D:3)
  2 endoplasms (D:2)
  2 giant cockroaches
  9 goblins
  9 hobgoblins
  7 jackals (D:1)
  6 kobolds
  3 quokkas
  10 ball pythons
  5 bats
  2 frilled lizards
  3 rats
62 creatures vanquished.

Notes
Turn   | Place    | Note
-------+----------+-------------------------------------------
     0 | D:1      | qw the Gargoyle Fighter began the quest for the Orb.
     0 | D:1      | Reached XP level 1. HP: 14/14 MP: 1/1
     0 | D:1      | 0 ||| qw: Version: 0.2-a-12-gaebbb33
     0 | D:1      | 0 ||| qw: Game counter: 1036
     0 | D:1      | 0 ||| qw: Always use a shield: true
     0 | D:1      | 0 ||| qw: God list: Okawaru
     0 | D:1      | 0 ||| qw: Allow faded altars: false
     0 | D:1      | 0 ||| qw: Do Orc after D:15 true
     0 | D:1      | 0 ||| qw: Do second Lair branch before Depths: true
     0 | D:1      | 0 ||| qw: Lair rune preference: random
     0 | D:1      | 0 ||| qw: Plans: Normal, Zot:1-4, God:TSO, Crypt, Tomb,
                  | Pan, Slime:5, Hells, Abyss, Orb
     0 | D:1      | 0 ||| PLANNING D:1-11
    20 | D:1      | Reached skill level 2 in Axes
    99 | D:1      | 99 ||| Stepping ~*~*~tactically~*~*~ (stealth).
   100 | D:1      | 100 ||| Stepping ~*~*~tactically~*~*~ (stealth).
   112 | D:1      | HP: 3/14 [giant cockroach (1)]
   398 | D:1      | Reached XP level 2. HP: 19/19 MP: 2/2
   463 | D:1      | 463 ||| DROPPING +0 club.
   633 | D:1      | 633 ||| READING scroll labelled USAUGG MEXATIA.
   634 | D:1      | 634 ||| Stepping randomly (stuck).
   682 | D:1      | 682 ||| Stepping randomly (stuck).
   683 | D:1      | 683 ||| Stepping randomly (stuck).
   684 | D:1      | 684 ||| Stepping randomly (stuck).
   685 | D:1      | 685 ||| Stepping randomly (stuck).
   699 | D:1      | 699 ||| Stepping randomly (stuck).
   706 | D:1      | Reached skill level 3 in Axes
   771 | D:1      | Reached XP level 3. HP: 23/23 MP: 3/3
   786 | D:1      | 786 ||| Stepping ~*~*~tactically~*~*~ (stealth).
  1055 | D:1      | 1055 ||| UPGRADING to +4 ring of evasion.
  1056 | D:1      | 1056 ||| Stepping randomly (stuck).
  1057 | D:1      | 1057 ||| Stepping randomly (stuck).
  1058 | D:1      | 1058 ||| Stepping randomly (stuck).
  1059 | D:1      | 1059 ||| Stepping randomly (stuck).
  1060 | D:1      | 1060 ||| Stepping randomly (stuck).
  1061 | D:1      | 1061 ||| Stepping randomly (stuck).
  1112 | D:1      | 1112 ||| Stepping randomly (stuck).
  1361 | D:1      | 1361 ||| READING scroll labelled HUUSEWKILEY.
  1362 | D:1      | 1362 ||| DRINKING 2 sedimented grey potions.
  1363 | D:1      | 1363 ||| DROPPING potion of degeneration.
  1725 | D:2      | Reached XP level 4. HP: 28/28 MP: 4/4
  1887 | D:2      | Found a faded altar of an unknown god.
  1907 | D:2      | 1907 ||| Stepping ~*~*~tactically~*~*~ (stealth).
  1912 | D:2      | 1912 ||| Stepping ~*~*~tactically~*~*~ (stealth).
  2070 | D:2      | Reached skill level 4 in Axes
  2236 | D:2      | 2236 ||| Stepping ~*~*~tactically~*~*~ (stealth).
  2240 | D:2      | 2240 ||| Stepping ~*~*~tactically~*~*~ (stealth).
  2270 | D:2      | 2270 ||| Stepping ~*~*~tactically~*~*~ (stealth).
  2505 | D:2      | 2505 ||| READING scroll labelled GAMNU YNOLER.
  2506 | D:2      | 2506 ||| READING 2 scrolls labelled DIPYAS POEGHA.
  2531 | D:3      | 2531 ||| PLANNING SEWER
  2783 | D:3      | 2783 ||| Stepping ~*~*~tactically~*~*~ (hiding).
  2791 | D:3      | 2791 ||| FLEEEEING.
  2792 | D:3      | 2792 ||| FLEEEEING.
  2793 | D:3      | 2793 ||| FLEEEEING.
  2800 | D:3      | 2800 ||| FLEEEEING.
  2801 | D:3      | 2801 ||| FLEEEEING.
  2802 | D:3      | 2802 ||| STAIRDANCE
  2815 | D:2      | Killed from afar by an orc wizard

Levels and vault maps discovered:
D:1:      scummos_arrival_star, layout_loops_cross, serial_co_window_serial,
          co_window_paths_a, co_window_corner_a, co_window_paths_a,
          co_window_paths_b, co_window_of_opportunity_a, co_window_paths_c,
          co_window_cross_3, co_window_unsneaky_path_c,
          co_window_of_opportunity_b, co_window_corner_b,
          co_window_of_opportunity_c, co_window_corner_b, glass_columns_a,
          glass_columns_a, glass_columns_a
D:2:      layout_loops_corners, hellmonk_ecumenical_altar_pennies_from_heaven
D:3:      minmay_roachtagon, layout_basic, portal_sewer_entry_d

Skill      XL: |  1  2  3  4 |
---------------+-------------+-----
Axes           | 2 3 4 |  4.1
Fighting       | |  3.2
Armour         | |  3.2
Shields        | |  3.2

Action                   |  1- 3 |  4- 6 || total
-------------------------+-------+-------++-------
Melee: War axe           |   110 |   118 ||   228
  Use: Scroll            |     2 |     2 ||     4
       Potion            |     1 |       ||     1
Armor: Scale mail        |    59 |    46 ||   105
Dodge: Dodged            |    65 |    73 ||   138
Block: Buckler           |    26 |    25 ||    51

Table legend:
 A = Non-vault XP
 B = Vault XP
 C = Vault XP percentage of total XP
 D = Non-vault monster count
 E = Vault monster count
 F = Vault count percentage of total count
                 A         B        C        D         E       F
            +---------+---------+-------+---------+---------+-------
      Total |     122 |       0 |   0.0 |      62 |       0 |   0.0
            +---------+---------+-------+---------+---------+-------
        D:1 |      60 |       0 |   0.0 |      34 |       0 |   0.0
        D:2 |      55 |       0 |   0.0 |      25 |       0 |   0.0
        D:3 |       7 |       0 |   0.0 |       3 |       0 |   0.0
            +---------+---------+-------+---------+---------+-------
